[Event "HUN-chT Youth-Children 2018"]
[Site "Zalakaros"]
[Date "2018.07.26"]
[Round "2"]
[White "Kovacs, Gabor Etele"]
[Black "Czupor, Attila"]
[Result "0-1"]
[ECO "C60"]
[WhiteElo "1999"]
[BlackElo "2239"]
[Annotator "NA"]
[PlyCount "100"]
[EventDate "2018.07.26"]
[EventType "team-tourn"]
[EventCountry "HUN"]
[SourceTitle "playchess.com"]
[Source "ChessBase"]
[SourceQuality "1"]
[TimeControl "5400+30"]

1. e4 e5 2. Nf3 Nc6 3. Bb5 Nge7 4. O-O a6 5. Ba4 g6 6. c3 Bg7 7. d4 exd4 8. cxd4 O-O 9. Nc3 b5 10. Bc2 d6 11. h3 Na5 12. b3 c5 13. Be3 b4 14. Ne2 c4 15. Qd2 c3 16. Qc1 d5 17. a3 dxe4 18. Bxe4 Nxb3 19. Qd1 c2 20. Qxc2 Nxa1 21. Rxa1 Bf5 22. axb4 Bxe4 23. Qxe4 Nd5 24. Bd2 Re8 25. Qd3 Qe7 26. Ng3 Nxb4 27. Bxb4 Qxb4 28. Rxa6 Rxa6 29. Qxa6 Bxd4 30. Nxd4 Qxd4 31. Qb5 Re1+ 32. Nf1 h6 33. Qa6 Qe5 34. Qc8+ Kg7 35. Qc4 Qe2 36. Qxe2 Rxe2 37. h4 f5 38. g3 Kf6 39. Kg2 g5 40. hxg5+ hxg5 41. Kf3 Ra2 42. Ne3 g4+ 43. Kg2 Ke5 44. Nc4+ Kd4 45. Ne3 Ke4 46. Nd1 Ra3 47. Nb2 Kd4 48. Nd1 Rd3 49. Nb2 Rd2 50. Na4 Kc4 0-1

[Event "HUN-chT Youth-Children 2018"]
[Site "Zalakaros"]
[Date "2018.07.26"]
[Round "2"]
[White "Kratzmajer, Akos Gyorgy"]
[Black "Acs, Marton"]
[Result "1/2-1/2"]
[ECO "C44"]
[WhiteElo "1972"]
[BlackElo "2204"]
[Annotator "NA"]
[PlyCount "99"]
[EventDate "2018.07.26"]
[EventType "team-tourn"]
[EventCountry "HUN"]
[SourceTitle "playchess.com"]
[Source "ChessBase"]
[SourceQuality "1"]
[TimeControl "5400+30"]

1. e4 e5 2. Nf3 Nc6 3. d4 exd4 4. Nxd4 Nf6 5. Nc3 Bb4 6. Nxc6 bxc6 7. Bd3 d5 8. exd5 cxd5 9. O-O O-O 10. Bg5 c6 11. Na4 Be6 12. Rc1 Be7 13. c4 d4 14. a3 Rb8 15. b4 a5 16. Bxf6 Bxf6 17. b5 Be7 18. b6 Bxa3 19. Bxh7+ Kxh7 20. Qd3+ g6 21. Qxa3 Bf5 22. Qc5 d3 23. Qxa5 Qd4 24. Qc3 Rfd8 25. Rfd1 d2 26. Qxd4 Rxd4 27. Rc3 Re8 28. Re3 Rxe3 29. fxe3 Rxc4 30. b7 Rb4 31. Nc5 Rb1 32. Rxb1 Bxb1 33. b8=Q d1=Q+ 34. Kf2 Qc2+ 35. Kf3 Qf5+ 36. Ke2 Qc2+ 37. Kf3 Qf5+ 38. Ke2 Qxc5 39. Qxb1 Qb5+ 40. Qxb5 cxb5 41. h4 g5 42. hxg5 Kg6 43. Kd3 Kxg5 44. Kd4 Kf5 45. Kc5 Ke4 46. Kxb5 Kxe3 47. Kc5 Kf2 48. Kd5 Kxg2 49. Ke5 f5 50. Kxf5 1/2-1/2

[Event "HUN-chT Youth-Children 2018"]
[Site "Zalakaros"]
[Date "2018.07.26"]
[Round "2"]
[White "Farkas, Otto Jr"]
[Black "Megyaszai, Balazs"]
[Result "0-1"]
[ECO "B90"]
[WhiteElo "1880"]
[BlackElo "1710"]
[Annotator "NA"]
[PlyCount "96"]
[EventDate "2018.07.26"]
[EventType "team-tourn"]
[EventCountry "HUN"]
[SourceTitle "playchess.com"]
[Source "ChessBase"]
[SourceQuality "1"]
[TimeControl "5400+30"]

1. e4 c5 2. Nf3 d6 3. d4 cxd4 4. Nxd4 Nf6 5. Nc3 a6 6. f3 e6 7. Be3 Be7 8. Qd2 Qc7 9. O-O-O Nbd7 10. Kb1 b5 11. g4 Ne5 12. h4 Bb7 13. g5 Nfd7 14. Rg1 b4 15. Na4 d5 16. f4 Nc4 17. Bxc4 dxc4 18. e5 Bd5 19. Nf5 Bf8 20. Qd4 Qc6 21. b3 cxb3 22. axb3 Be4 23. Qxd7+ Qxd7 24. Rxd7 Kxd7 25. Nb6+ Kc6 26. Nxa8 Bxf5 27. Nb6 Be7 28. Rd1 Rd8 29. Rxd8 Bxd8 30. Nc4 Be7 31. Kb2 Kd5 32. Nd2 f6 33. exf6 gxf6 34. c4+ bxc3+ 35. Kxc3 fxg5 36. hxg5 e5 37. b4 Bf8 38. fxe5 Kxe5 39. Kb3 Bd7 40. Kc3 Be7 41. Nf1 Ke4 42. Bd2 Bd6 43. Ne3 Bf4 44. Nc4 Bxd2+ 45. Nxd2+ Kf4 46. Kd4 Kxg5 47. Nf3+ Kf4 48. Ne5 Bb5 0-1

[Event "HUN-chT Youth-Children 2018"]
[Site "Zalakaros"]
[Date "2018.07.26"]
[Round "2"]
[White "Fodor, Kornel"]
[Black "Dora, Bence"]
[Result "1-0"]
[ECO "C45"]
[WhiteElo "1794"]
[BlackElo "1630"]
[Annotator "NA"]
[PlyCount "69"]
[EventDate "2018.07.26"]
[EventType "team-tourn"]
[EventCountry "HUN"]
[SourceTitle "playchess.com"]
[Source "ChessBase"]
[SourceQuality "1"]
[TimeControl "5400+30"]

1. e4 e5 2. Nf3 Nc6 3. d4 exd4 4. Nxd4 Bc5 5. Nb3 Bb6 6. Nc3 d6 7. Qe2 Nf6 8. Bg5 h6 9. Bh4 g5 10. Bg3 h5 11. h4 Ng4 12. O-O-O Be6 13. Nd5 Bxd5 14. exd5+ Nce5 15. hxg5 Qxg5+ 16. Kb1 Qe7 17. f4 Ng6 18. Qd2 O-O-O 19. f5 N6e5 20. Bh4 f6 21. Nd4 Bxd4 22. Qxd4 Kb8 23. Rh3 Nd7 24. Re1 Nge5 25. Bf2 Nb6 26. a4 a5 27. Qd2 Qf7 28. Qxa5 Ned7 29. Re6 Nf8 30. Rb3 Nxe6 31. fxe6 Qe7 32. Rxb6 cxb6 33. Bxb6 Rdg8 34. Qa7+ Kc8 35. Qa8# 1-0

[Event "HUN-chT Youth-Children 2018"]
[Site "Zalakaros"]
[Date "2018.07.26"]
[Round "2"]
[White "Kocsmar, Akos"]
[Black "Szalay-Ocsak, Bank"]
[Result "1/2-1/2"]
[ECO "B53"]
[WhiteElo "1721"]
[BlackElo "1639"]
[Annotator "NA"]
[PlyCount "65"]
[EventDate "2018.07.26"]
[EventType "team-tourn"]
[EventCountry "HUN"]
[SourceTitle "playchess.com"]
[Source "ChessBase"]
[SourceQuality "1"]
[TimeControl "5400+30"]

1. e4 c5 2. Nf3 d6 3. d4 cxd4 4. Qxd4 Nc6 5. Bb5 Bd7 6. Bxc6 bxc6 7. Nc3 Nf6 8. e5 dxe5 9. Nxe5 Qb6 10. Qc4 e6 11. O-O Be7 12. b3 Qc5 13. Re1 O-O 14. Bb2 Rfd8 15. Rad1 Qxc4 16. Nxc4 c5 17. f4 Bc6 18. Ne5 Bb7 19. Ba3 Rac8 20. g3 h6 21. Kf2 Bf8 22. Na4 Ne4+ 23. Ke3 f5 24. c4 Rd4 25. Bb2 Rdd8 26. Rf1 Be7 27. Ng6 Bf8 28. Be5 Kf7 29. Nh4 g6 30. Nf3 Bg7 31. Rfe1 Bxe5 32. Nxe5+ Kf6 33. Rf1 1/2-1/2

[Event "HUN-chT Youth-Children 2018"]
[Site "Zalakaros"]
[Date "2018.07.26"]
[Round "2"]
[White "Balogh, Judit Dora"]
[Black "Kiss, Eniko"]
[Result "0-1"]
[ECO "D85"]
[WhiteElo "1674"]
[BlackElo "1697"]
[Annotator "NA"]
[PlyCount "44"]
[EventDate "2018.07.26"]
[EventType "team-tourn"]
[EventCountry "HUN"]
[SourceTitle "playchess.com"]
[Source "ChessBase"]
[SourceQuality "1"]
[TimeControl "5400+30"]

1. d4 Nf6 2. c4 g6 3. Nc3 d5 4. cxd5 Nxd5 5. Bd2 Bg7 6. e3 e5 7. Qb3 Nxc3 8. bxc3 O-O 9. Rd1 b6 10. d5 Nd7 11. c4 Nc5 12. Qa3 Ne4 13. Bb4 Re8 14. f3 Qh4+ 15. Ke2 Qf2+ 16. Kd3 Nc5+ 17. Bxc5 e4+ 18. fxe4 bxc5 19. Nf3 Bf5 20. Nd2 Rxe4 21. Kc2 Rxc4+ 22. Kb3 Rc3+ 0-1

[Event "HUN-chT Youth-Children 2018"]
[Site "Zalakaros"]
[Date "2018.07.26"]
[Round "2"]
[White "Herczeg, Marcell"]
[Black "Turcsanyi, Vince Gergo"]
[Result "1/2-1/2"]
[ECO "C44"]
[WhiteElo "1490"]
[BlackElo "1639"]
[Annotator "NA"]
[PlyCount "96"]
[EventDate "2018.07.26"]
[EventType "team-tourn"]
[EventCountry "HUN"]
[SourceTitle "playchess.com"]
[Source "ChessBase"]
[SourceQuality "1"]
[TimeControl "5400+30"]

1. e4 e5 2. Nf3 Nc6 3. d4 exd4 4. Nxd4 Nf6 5. Nxc6 bxc6 6. Bd3 d5 7. exd5 cxd5 8. O-O Be7 9. Bf4 O-O 10. Nc3 c6 11. Qd2 Bb4 12. a3 Ba5 13. b4 Bc7 14. Ne2 Re8 15. Rfe1 Bg4 16. Nd4 Ne4 17. Bxe4 dxe4 18. Nxc6 Qf6 19. Bxc7 Qxc6 20. Bf4 Rac8 21. c4 Qxc4 22. Rac1 Qe6 23. Qe3 a6 24. Rxc8 Qxc8 25. Rc1 Qd7 26. Qc5 Rc8 27. Qxc8+ Qxc8 28. Rxc8+ Bxc8 29. Kf1 f5 30. Ke2 Kf7 31. Ke3 Ke6 32. Kd4 h6 33. h4 g5 34. hxg5 hxg5 35. Bxg5 Kd6 36. Bf4+ Kc6 37. a4 Kb6 38. Be3 Bd7 39. Ke5+ Kb7 40. f4 exf3 41. gxf3 Bxa4 42. Kxf5 Bc6 43. f4 Bd7+ 44. Ke5 Kc6 45. f5 Bxf5 46. Kxf5 Kb5 47. Bd2 a5 48. bxa5 Ka6 1/2-1/2

[Event "HUN-chT Youth-Children 2018"]
[Site "Zalakaros"]
[Date "2018.07.26"]
[Round "2"]
[White "Gyorgyfalvai, Fanni"]
[Black "Koltai, Dora"]
[Result "0-1"]
[ECO "B01"]
[WhiteElo "1476"]
[BlackElo "1786"]
[Annotator "NA"]
[PlyCount "76"]
[EventDate "2018.07.26"]
[EventType "team-tourn"]
[EventCountry "HUN"]
[SourceTitle "playchess.com"]
[Source "ChessBase"]
[SourceQuality "1"]
[TimeControl "5400+30"]

1. e4 d5 2. exd5 Qxd5 3. Nc3 Qd6 4. d4 Nf6 5. Nf3 a6 6. Bd3 g6 7. Ne4 Nxe4 8. Bxe4 Bg7 9. O-O O-O 10. h3 Nd7 11. c3 Nf6 12. Bd3 b5 13. Re1 Bb7 14. Bg5 Rfd8 15. Re3 Nd5 16. Re1 Re8 17. Be4 Rad8 18. Bh4 c5 19. Bg3 Qb6 20. Qd2 cxd4 21. Nxd4 e5 22. Nf3 Nf6 23. Qc2 Nxe4 24. Rxe4 Bxe4 25. Qxe4 Qd6 26. Re1 Qd5 27. Nxe5 Qxe4 28. Rxe4 f6 29. f4 fxe5 30. fxe5 Re6 31. Rd4 Rde8 32. a4 Bxe5 33. Bxe5 Rxe5 34. axb5 Rxb5 35. Rd2 Reb8 36. b4 Rc8 37. Rc2 Rxb4 38. cxb4 Rxc2 0-1

[Event "HUN-chT Youth-Children 2018"]
[Site "Zalakaros"]
[Date "2018.07.26"]
[Round "2"]
[White "Bodo, Boglarka"]
[Black "Gulacsi, Donat Ferenc"]
[Result "1-0"]
[ECO "B10"]
[WhiteElo "1471"]
[BlackElo "1610"]
[Annotator "NA"]
[PlyCount "49"]
[EventDate "2018.07.26"]
[EventType "team-tourn"]
[EventCountry "HUN"]
[SourceTitle "playchess.com"]
[Source "ChessBase"]
[SourceQuality "1"]
[TimeControl "5400+30"]

1. e4 c6 2. c4 d5 3. cxd5 cxd5 4. exd5 Nf6 5. Nc3 Nxd5 6. d4 e6 7. Nf3 b6 8. Bb5+ Bd7 9. Bxd7+ Qxd7 10. Ne5 Qb7 11. Qf3 Bb4 12. Bd2 Bxc3 13. bxc3 Qe7 14. c4 Nc7 15. Qg4 O-O 16. O-O Rd8 17. Bc3 Qa3 18. Rfc1 Nd7 19. Nc6 Nf6 20. Qg3 Rd6 21. Ne5 Ne4 22. Qf3 Nxc3 23. Rxc3 Qb2 24. Qxf7+ Kh8 25. Ng6+ 1-0

[Event "HUN-chT Youth-Children 2018"]
[Site "Zalakaros"]
[Date "2018.07.26"]
[Round "2"]
[White "Lazsadi, Kerka Lilla"]
[Black "Homolya, Daniel"]
[Result "1-0"]
[ECO "C48"]
[WhiteElo "1399"]
[BlackElo "1057"]
[Annotator "NA"]
[PlyCount "45"]
[EventDate "2018.07.26"]
[EventType "team-tourn"]
[EventCountry "HUN"]
[SourceTitle "playchess.com"]
[Source "ChessBase"]
[SourceQuality "1"]
[TimeControl "5400+30"]

1. e4 e5 2. Nf3 Nc6 3. Bb5 Bc5 4. Nc3 Nf6 5. d3 d6 6. Be3 Bb6 7. O-O Bg4 8. Qe2 a6 9. Bxc6+ bxc6 10. Rad1 O-O 11. Bxb6 cxb6 12. Qe3 Rb8 13. d4 Bxf3 14. Qxf3 Qe7 15. d5 c5 16. Qd3 b5 17. b3 Nd7 18. a4 b4 19. Ne2 Ra8 20. Ng3 Qg5 21. Nf5 Qf6 22. f4 Qg6 23. Ne7+ 1-0

[Event "HUN-chT Youth-Children 2018"]
[Site "Zalakaros"]
[Date "2018.07.26"]
[Round "2"]
[White "Gergely, Daniel"]
[Black "Markus, Molli Amina"]
[Result "1/2-1/2"]
[ECO "D00"]
[WhiteElo "1367"]
[BlackElo "1566"]
[Annotator "NA"]
[PlyCount "103"]
[EventDate "2018.07.26"]
[EventType "team-tourn"]
[EventCountry "HUN"]
[SourceTitle "playchess.com"]
[Source "ChessBase"]
[SourceQuality "1"]
[TimeControl "5400+30"]

1. d4 d5 2. Bf4 Nf6 3. e3 Bf5 4. c4 e6 5. Nc3 c6 6. Qb3 Qc8 7. Nf3 Nbd7 8. Be2 dxc4 9. Bxc4 Nb6 10. Be2 Nbd5 11. Bg3 Be7 12. O-O O-O 13. Rac1 Rd8 14. a3 h6 15. h3 Ne4 16. Nxe4 Bxe4 17. Rfd1 Bd6 18. Bxd6 Rxd6 19. Ne5 f6 20. Nc4 Rd8 21. Nd2 Bg6 22. Bg4 Qd7 23. Qc4 Re8 24. Nb3 Qe7 25. Nc5 Bf7 26. Qc2 Rab8 27. Re1 Qc7 28. Qd2 h5 29. Bf3 e5 30. Bxd5 Bxd5 31. e4 Bf7 32. Rcd1 Red8 33. Qc3 exd4 34. Rxd4 Rxd4 35. Qxd4 Rd8 36. Qe3 b6 37. Na4 Qd7 38. Nc3 Qe7 39. Rd1 Rxd1+ 40. Nxd1 Kf8 41. Nc3 Qd6 42. f4 Bc4 43. Qf3 Qd4+ 44. Kh2 Bf7 45. Qe2 g6 46. Qf3 Qd6 47. Kh1 Kg7 48. Qf2 Bc4 49. Qf3 Bf7 50. Qe3 Be6 51. Qf3 Bf7 52. Qf2 1/2-1/2

[Event "HUN-chT Youth-Children 2018"]
[Site "Zalakaros"]
[Date "2018.07.26"]
[Round "2"]
[White "Kovacs, Kristof"]
[Black "Kiraly, Lilla Virag"]
[Result "1/2-1/2"]
[ECO "D02"]
[WhiteElo "1351"]
[BlackElo "1488"]
[Annotator "NA"]
[PlyCount "90"]
[EventDate "2018.07.26"]
[EventType "team-tourn"]
[EventCountry "HUN"]
[SourceTitle "playchess.com"]
[Source "ChessBase"]
[SourceQuality "1"]
[TimeControl "5400+30"]

1. d4 d5 2. Nf3 e6 3. Bf4 f5 4. e3 Nf6 5. Nbd2 Bd6 6. Bg3 Ne4 7. Ne5 Nxg3 8. hxg3 Bxe5 9. dxe5 Qe7 10. Bd3 Nd7 11. f4 Nc5 12. Qe2 Ne4 13. Bxe4 fxe4 14. O-O-O Bd7 15. g4 O-O-O 16. Nb3 Qb4 17. a3 Bb5 18. Qf2 Qe7 19. Qd2 Kb8 20. g5 h6 21. gxh6 gxh6 22. Rh2 Rdg8 23. Rdh1 Rg6 24. Qa5 Bd7 25. Qc3 Qg7 26. Qd2 Rg3 27. Qf2 Rg6 28. Rg1 Rg8 29. Nc5 Bc8 30. b4 b6 31. Nb3 Rg3 32. Nd4 Bd7 33. b5 Kb7 34. a4 a6 35. f5 exf5 36. e6 Bxe6 37. Nxe6 Qc3 38. bxa6+ Kxa6 39. Rxh6 Rf3 40. Qe1 Qa3+ 41. Kd1 Rxe3 42. Qf1+ Kb7 43. Qf4 Qa1+ 44. Kd2 Qc3+ 45. Kd1 Rxg2 1/2-1/2

[Event "HUN-chT Youth-Children 2018"]
[Site "Zalakaros"]
[Date "2018.07.26"]
[Round "2"]
[White "Kobol, Kitti"]
[Black "Toth, Csongor"]
[Result "1/2-1/2"]
[ECO "C48"]
[WhiteElo "1224"]
[BlackElo "1326"]
[Annotator "NA"]
[PlyCount "111"]
[EventDate "2018.07.26"]
[EventType "team-tourn"]
[EventCountry "HUN"]
[SourceTitle "playchess.com"]
[Source "ChessBase"]
[SourceQuality "1"]
[TimeControl "5400+30"]

1. e4 e5 2. Nf3 Nc6 3. Nc3 Nf6 4. Bb5 d6 5. d4 exd4 6. Nxd4 Bd7 7. Bg5 Be7 8. Nxc6 Bxc6 9. Bxc6+ bxc6 10. O-O O-O 11. Qf3 Nd7 12. Bxe7 Qxe7 13. Rfe1 Rfe8 14. Rad1 Ne5 15. Qg3 Qf6 16. Re2 Re7 17. Rde1 Rae8 18. a4 Ng6 19. h3 Qf4 20. Qxf4 Nxf4 21. Re3 Ng6 22. b4 a6 23. Na2 d5 24. exd5 Rxe3 25. fxe3 cxd5 26. Kf2 c6 27. Rc1 Ne5 28. Ke2 Nc4 29. Kf2 Rxe3 30. c3 f6 31. Rc2 Re4 32. Nc1 Ne5 33. Nb3 Nd3+ 34. Kg1 Kf7 35. Na5 Ne5 36. Kf2 Nd3+ 37. Kg3 Ne5 38. Nb7 Nc4 39. Kf2 Re7 40. Nd8+ Kg6 41. Nxc6 Re6 42. Nd4 Re8 43. Ne2 Kf7 44. Nf4 Re5 45. Nd3 Re6 46. Nb2 Nxb2 47. Rxb2 Rc6 48. Rb3 Ke6 49. Ke2 Ke5 50. Ke3 f5 51. g3 g5 52. b5 f4+ 53. gxf4+ gxf4+ 54. Kf3 axb5 55. axb5 Rb6 56. Rb4 1/2-1/2

[Event "HUN-chT Youth-Children 2018"]
[Site "Zalakaros"]
[Date "2018.07.26"]
[Round "2"]
[White "Petyko, Martin"]
[Black "Szabo, Akos"]
[Result "1/2-1/2"]
[ECO "D02"]
[WhiteElo "1166"]
[BlackElo "1322"]
[Annotator "NA"]
[PlyCount "66"]
[EventDate "2018.07.26"]
[EventType "team-tourn"]
[EventCountry "HUN"]
[SourceTitle "playchess.com"]
[Source "ChessBase"]
[SourceQuality "1"]
[TimeControl "5400+30"]

1. d4 d5 2. Nf3 e6 3. g3 f5 4. Bg2 Nf6 5. c4 c6 6. Qa4 Ne4 7. Nbd2 Qf6 8. cxd5 exd5 9. O-O Bd6 10. Nxe4 fxe4 11. Ne1 Bf5 12. f3 Qe6 13. g4 Bg6 14. h3 O-O 15. f4 Qe7 16. Be3 Nd7 17. Nc2 Nb6 18. Qb3 Nc4 19. f5 Be8 20. Bf4 Bxf4 21. Rxf4 Qc7 22. e3 h5 23. Bxe4 Nd2 24. Bxd5+ cxd5 25. Qxd5+ Bf7 26. Qg2 Qxc2 27. Rf2 Qxb2 28. Rd1 Qxa2 29. Rfxd2 Qd5 30. e4 Qc6 31. d5 Qd6 32. Re1 Qe5 33. Rc1 Rac8 1/2-1/2

[Event "HUN-chT Youth-Children 2018"]
[Site "Zalakaros"]
[Date "2018.07.27"]
[Round "3"]
[White "Marosi, Levente"]
[Black "Vanczak, Tamas"]
[Result "1-0"]
[ECO "B78"]
[WhiteElo "2337"]
[BlackElo "2339"]
[Annotator "NA"]
[PlyCount "95"]
[EventDate "2018.07.26"]
[EventType "team-tourn"]
[EventCountry "HUN"]
[SourceTitle "playchess.com"]
[Source "ChessBase"]
[SourceQuality "1"]
[TimeControl "5400+30"]

1. e4 c5 2. Nf3 d6 3. d4 cxd4 4. Nxd4 Nf6 5. Nc3 g6 6. Be3 Bg7 7. f3 O-O 8. Qd2 Nc6 9. Bc4 Bd7 10. O-O-O Ne5 11. Bb3 Qa5 12. Kb1 Rfc8 13. g4 Rxc3 {[%emt 0:09:45] B79: Sicilian Dragon: Yugoslav Attack, 9 Bc4 Bd7 10 0-0-0 Qa5} (13... Nc4 14. Bxc4 Rxc4 15. Nb3 Qa6 16. Bd4 Be6 17. h4 Rac8 18. h5 b5 19. Rc1 b4 20. Ne2 R4c6 21. hxg6 fxg6 22. g5 Qa4 23. gxf6 {1-0 (35) Demchenko,A (2610)-Vocaturo,D (2534) St Petersburg 2012}) 14. Qxc3 Qxc3 15. bxc3 Nxf3 16. Nxf3 Bxg4 17. Rdf1 Nxe4 18. Bxf7+ Kh8 19. Kb2 $146 ({Predecessor:} 19. h3 Nxc3+ 20. Kb2 Bf5 21. Nd4 {1-0 (41) Pg,M-Yap,C (2054) Ho Chi Minh City 2003}) 19... Bh3 20. Bd4 e5 21. Be3 Bxf1 22. Rxf1 Rc8 23. Ng5 ({Don't do} 23. Bxa7 Bh6 $18) 23... Nxg5 24. Bxg5 e4 25. Be6 Rc5 26. Be3 Rb5+ 27. Bb3 Rh5 28. Rf7 Rxh2 29. Rxb7 Be5 30. Be6 (30. Bxa7 $142 Rh3 31. Bd4) 30... h5 (30... a5 $142 31. Ra7 h5 32. Rxa5 Re2) 31. Rb4 Re2 32. Rxe4 g5 33. Bf5 g4 (33... Rxe3 $142 34. Rxe3 Kg7) 34. Bxa7 Rg2 35. a4 g3 36. a5 Rd2 37. Bh3 Rd5 38. Bb6 Rb5+ 39. Ka3 Bxc3 40. Ka4 Rb1 41. Rh4 Kg7 42. Rxh5 Kg6 43. Rd5 $18 Kf7 44. Rd3 Be1 45. c3 Ke7 46. Re3+ Kf6 47. Bd4+ Kg5 48. Re2 1-0

[Event "HUN-chT Youth-Children 2018"]
[Site "Zalakaros"]
[Date "2018.07.27"]
[Round "3"]
[White "Krstulovic, Alex"]
[Black "Virag, Balint"]
[Result "0-1"]
[ECO "D94"]
[WhiteElo "2289"]
[BlackElo "2051"]
[Annotator "ChessBase"]
[PlyCount "106"]
[EventDate "2018.07.26"]
[EventType "team-tourn"]
[EventCountry "HUN"]
[SourceTitle "playchess.com"]
[Source "ChessBase"]
[SourceQuality "1"]
[TimeControl "5400+30"]

1. d4 Nf6 2. c4 g6 3. Nc3 d5 4. Nf3 Bg7 5. e3 O-O 6. cxd5 Nxd5 7. Bc4 Nb6 8. Bb3 c5 9. O-O cxd4 10. Nxd4 a6 11. Qf3 e5 12. Nde2 Nc6 13. Rd1 Qe7 14. e4 Nd4 15. Nxd4 exd4 16. Ne2 Rd8 17. Bd2 a5 18. h4 h6 19. a4 Be6 20. Bxe6 Qxe6 21. Nf4 Qf6 22. Qb3 Rd6 23. h5 g5 24. Nd3 Qe7 25. Re1 Rc6 26. Rac1 Rxc1 27. Nxc1 Qc5 28. Nd3 Qc6 29. Rc1 Qxe4 30. Qxb6 Qxd3 31. Qxb7 Rf8 32. Bxa5 Qe2 33. b3 d3 34. Qf3 Qb2 35. Rd1 Qxb3 36. Rxd3 Qxa4 37. Bc3 Re8 38. Bxg7 Re1+ 39. Kh2 Kxg7 40. g4 Re4 41. Kh3 Rf4 42. Qe3 Qa1 43. f3 Ra4 44. Rd7 Qh1+ 45. Kg3 Qh4+ 46. Kg2 Rxg4+ 47. fxg4 Qxg4+ 48. Kf2 Qxd7 49. Qe5+ f6 50. Qe4 Qd2+ 51. Kg3 Qf4+ 52. Qxf4 gxf4+ 53. Kxf4 Kf8 0-1

[Event "HUN-chT Youth-Children 2018"]
[Site "Zalakaros"]
[Date "2018.07.27"]
[Round "3"]
[White "Polyik, Peter"]
[Black "Vodila, Martin Botond"]
[Result "1/2-1/2"]
[ECO "A48"]
[WhiteElo "2265"]
[BlackElo "2121"]
[Annotator "NA"]
[PlyCount "40"]
[EventDate "2018.07.26"]
[EventType "team-tourn"]
[EventCountry "HUN"]
[SourceTitle "playchess.com"]
[Source "ChessBase"]
[SourceQuality "1"]
[TimeControl "5400+30"]

1. d4 Nf6 2. Nf3 g6 3. c4 Bg7 4. e3 O-O 5. Be2 d6 6. Nc3 Nc6 7. d5 {[%emt 0:01:01] E61: King's Indian: Early deviations for White, including Smyslov System} Ne5 (7... Nb4 8. a3 Na6 9. Nd4 e5 10. dxe6 fxe6 11. O-O e5 12. Nb3 c6 13. e4 Nc7 14. f4 Ne6 {½-½ (59) Caruana,F (2784)-Carlsen,M (2843) Karlsruhe/Baden-Baden 2018}) 8. Nxe5 dxe5 9. e4 Ne8 10. h4 $146 ({Predecessor:} 10. O-O f5 11. exf5 gxf5 12. f4 e4 13. Be3 e5 14. Qd2 Nd6 {1-0 (47) Roemer,U (2244)-Kiss,T (1996) Hungary 2014}) 10... h5 11. Be3 b6 12. Qd2 Nd6 13. O-O-O a5 14. f3 Ba6 15. b3 a4 16. Kb2 axb3 17. axb3 f5 18. Ra1 Bb7 19. g3 (19. Rxa8 $16 Qxa8 20. Bd3) 19... Qd7 20. Rxa8 Bxa8 $14 1/2-1/2

[Event "HUN-chT Youth-Children 2018"]
[Site "Zalakaros"]
[Date "2018.07.27"]
[Round "3"]
[White "Pribelszky, Bence"]
[Black "Kovacsy, Barnabas"]
[Result "1/2-1/2"]
[ECO "B48"]
[WhiteElo "2245"]
[BlackElo "2075"]
[Annotator "NA"]
[PlyCount "87"]
[EventDate "2018.07.26"]
[EventType "team-tourn"]
[EventCountry "HUN"]
[SourceTitle "playchess.com"]
[Source "ChessBase"]
[SourceQuality "1"]
[TimeControl "5400+30"]

1. e4 c5 2. Nf3 e6 3. d4 cxd4 4. Nxd4 Nc6 5. Nc3 Qc7 6. Be3 a6 7. Qf3 {[%emt 0:00:54] B48: Sicilian: Taimanov: 5 Nc3 Qc7 6 Be3 a6 without Be2} Bd6 (7... Nf6 8. O-O-O Ne5 9. Qg3 b5 10. a3 Bb7 11. Bxb5 Rc8 12. Ba4 Nxe4 13. Nxe4 Bxe4 14. Bf4 Qc4 15. Bxe5 Qxa4 {1-0 (38) Vachier Lagrave,M (2789)-Anand,V (2776) Karlsruhe/Baden-Baden 2018}) 8. O-O-O Be5 9. Nxc6 bxc6 10. Bd4 Nf6 11. Bxe5 Qxe5 12. Qg3 Qxg3 13. hxg3 d5 14. exd5 cxd5 15. f4 $146 Bd7 16. Be2 Ke7 17. g4 h6 18. Bf3 Rac8 19. g3 Bb5 20. Nxb5 axb5 21. Rd4 Rhd8 22. c3 Rc4 23. Rxc4 $1 dxc4 24. Rd1 Rxd1+ 25. Kxd1 Kd6 26. Kd2 Nd7 27. b3 cxb3 28. axb3 e5 29. Be2 Kc6 30. Ke3 exf4+ 31. gxf4 Nf6 32. Kd4 g6 33. Bf3+ Kd6 34. c4 bxc4 35. bxc4 Nd7 36. Bd5 f5 37. gxf5 gxf5 38. Bf7 Nc5 39. Bg8 $11 Ne6+ 40. Ke3 Ng7 41. Kf3 Kc5 42. Kg3 Nh5+ 43. Kf3 Ng7 44. Bf7 1/2-1/2

[Event "HUN-chT Youth-Children 2018"]
[Site "Zalakaros"]
[Date "2018.07.27"]
[Round "3"]
[White "Juhasz, Agoston"]
[Black "Papp, Levente"]
[Result "1/2-1/2"]
[ECO "C04"]
[WhiteElo "2244"]
[BlackElo "2311"]
[Annotator "NA"]
[PlyCount "82"]
[EventDate "2018.07.26"]
[EventType "team-tourn"]
[EventCountry "HUN"]
[SourceTitle "playchess.com"]
[Source "ChessBase"]
[SourceQuality "1"]
[TimeControl "5400+30"]

1. e4 e6 2. d4 d5 3. Nd2 Nc6 4. Ngf3 Nf6 5. e5 Nd7 6. Be2 f6 7. exf6 Qxf6 8. Nf1 Bd6 9. Ne3 O-O 10. O-O Qg6 11. c4 {[%emt 0:03:42] C04: French Tarrasch: 3...Nc6} Ne7 (11... Nf6 12. Re1 Bd7 13. Qb3 a5 14. c5 Bf4 15. g3 Ne4 16. Ng2 Bxc1 17. Raxc1 Qf6 18. Rcd1 g5 {0-1 (27) Druska,J (2457)-Vovk,Y (2596) Slovakia 2016}) 12. g3 $146 ({Better is Predecessor:} 12. c5 $16 Bf4 13. g3 (13. b4 c6 14. Nc2 Bc7 15. Bb2 Bf4 16. a4 a6 17. Ra3 Qf6 18. Ne3 Ng6 {1-0 (53) Calzetta Ruiz,M (2359)-Lipecki,A (2146) Caleta 2010})) 12... c6 13. Ng2 e5 14. dxe5 (14. Ngh4 $14 Qe8 15. c5) 14... Nxe5 15. Nxe5 Bxe5 16. Bd3 Qf6 17. Qc2 Bf5 18. Bxf5 Nxf5 19. cxd5 Nd4 20. Qc4 b5 21. Qd3 Rad8 22. f4 Bc7 23. Ne3 Rfe8 24. Bd2 Bb6 25. Rae1 Nf5 (25... c5 $15 26. Kg2 c4) 26. Kh1 Bxe3 27. Bxe3 Rxd5 28. Qb3 Qf7 29. Bf2 Red8 30. Rd1 Rxd1 31. Rxd1 Rxd1+ 32. Qxd1 Qxa2 33. Bc5 Qd5+ 34. Qxd5+ cxd5 35. Bxa7 Kf7 36. Kg2 h5 37. Kf3 Ke6 38. Bc5 Nh6 39. h3 g6 40. g4 Nf7 41. Kg3 Nh6 $16 (41... Nd8 $11 {remains equal.}) 1/2-1/2